 Dungeon Crawl Stone Soup version 0.28.0-45-g0d030f2227 (webtiles) character file.

Game seed: 8531648529626838739

14482 Iusername the Basher (level 11, -6/95 HPs)
             Began as a Minotaur Fighter on Apr 6, 2022.
             Was a Priest of Dithmenos.
             Mangled by Urug
             ... wielding a +2 scimitar
              (20 damage)
             ... on level 10 of the Dungeon.
             The game lasted 00:40:20 (13349 turns).

Iusername the Basher (Minotaur Fighter)            Turns: 13349, Time: 00:40:20

Health: -6/95      AC: 20    Str: 29    XL:     11   Next: 89%
Magic:  10/10      EV: 28    Int:  5    God:    Dithmenos [***...]
Gold:   955        SH:  7    Dex: 17    Spells: 10/10 levels left

rFire   . . .      SeeInvis .   u - +6 flail (protect)
rCold   . . .      Faith    .   c - +0 buckler
rNeg    . . .      Spirit   .   n - +7 plate armour
rPois   .          Reflect  .   (helmet restricted)
rElec   .          Harm     .   h - +0 cloak
rCorr   .          Rampage  .   x - +0 pair of gloves
Will    .....                   (no boots)
Stlth   ..........              z - amulet "Nueph" {Acrobat Str+5}
HPRegen 0.25/turn               g - +6 ring of dexterity
MPRegen 0.12/turn               r - +4 ring of evasion

@: on berserk cooldown, acrobatic, slowed, wreathed by umbra, unable to read,
very slow
A: horns 2, retaliatory headbutt, talons 1, deformed body, no potion heal 1,
inability to read while threatened
a: Renounce Religion, Shadow Step


You were on level 10 of the Dungeon.
You worshipped Dithmenos.
Dithmenos was most pleased with you.
You visited 2 branches of the dungeon, and saw 11 of its levels.

You collected 1525 gold pieces.
You spent 570 gold pieces at shops.

Inventory:

Hand Weapons
 a - a +2 trident
 u - a +6 flail of protection (weapon)
Missiles
 G - 3 throwing nets
Armour
 b - a +0 scale mail
 c - a +0 buckler (worn)
 h - a +0 cloak (worn)
 n - a +7 plate armour (worn)
 x - a +0 pair of gloves (worn)
 A - the +1 ring mail of the Morning Star {rPois Stlth+}
   (You found it on level 5 of the Dungeon)

   rPois:     It protects you from poison.
   Stlth:     It makes you more stealthy.
Jewellery
 f - a ring of fire
 g - a +6 ring of dexterity (left hand)
 p - a ring of magical power
 r - a +4 ring of evasion (right hand)
 z - the amulet "Nueph" (around neck) {Acrobat Str+5}
   (You bought it in a shop on level 8 of the Dungeon)

   [amulet of the acrobat]

   It increases your evasion while moving and waiting.
   Str:       It affects your strength (+5).
 C - a +4 ring of protection
 L - a ring of willpower
Wands
 i - a wand of polymorph (2)
 v - a wand of flame (28) (quivered)
 B - a wand of iceblast (10)
Scrolls
 d - 2 scrolls of fear
 e - a scroll of amnesia
 k - a scroll of silence
 l - a scroll of noise {unknown}
 q - 2 scrolls of magic mapping {unknown}
 t - a scroll of vulnerability {unknown}
 w - a scroll of torment {unknown}
 y - 2 scrolls of blinking {unknown}
 D - 3 scrolls of fog
 E - 3 scrolls of summoning
 H - a scroll of brand weapon {unknown}
 J - a scroll of teleportation {unknown}
Potions
 j - 4 potions of heal wounds {unknown}
 o - a potion of magic {unknown}
 s - a potion of haste {unknown}
 F - 2 potions of ambrosia
 K - a potion of attraction {unknown}
 M - a potion of degeneration {unknown}


   Skills:
 + Level 8.7 Fighting
 + Level 12.8 Maces & Flails
 + Level 8.7 Polearms
 + Level 12.0 Armour
 + Level 3.5 Dodging
 + Level 1.3 Stealth
 + Level 10.0 Shields
 + Level 1.3 Evocations


You had 10 spell levels left.
You didn't know any spells.
Your spell library contained the following spells:

 Spells                   Type           Power      Damage    Failure   Level
 Animate Skeleton         Necr           0%         N/A       99%         1
 Apportation              Tloc           0%         N/A       99%         1
 Magic Dart               Conj           0%         1d3       99%         1
 Summon Small Mammal      Summ           0%         N/A       99%         1
 Call Imp                 Summ           0%         N/A       100%        2
 Ensorcelled Hibernation  Hex/Ice        0%         N/A       100%        2
 Passwall                 Tmut/Erth      0%         N/A       100%        2
 Static Discharge         Conj/Air       0%         N/A       100%        2
 Gell's Gravitas          Tloc           0%         N/A       100%        3
 Mephitic Cloud           Conj/Pois/Air  0%         N/A       100%        3
 Swiftness                Air            0%         N/A       100%        3
 Teleport Other           Tloc           0%         N/A       100%        3
 Tukima's Dance           Hex            0%         N/A       100%        3
 Dispel Undead            Necr           0%         3d6       100%        4
 Passage of Golubria      Tloc           0%         N/A       100%        4
 Sticky Flame             Conj/Fire      0%         2d3       100%        4
 Yara's Violent Unravell  Hex/Tmut       0%         3d3       100%        5
 Dispersal                Tloc           0%         N/A       100%        6


Dungeon Overview and Level Annotations

Branches:
Dungeon (10/15)            Temple (1/1) D:5             Orc (0/2) D:9
   Lair: D:8-11

Altars:
Ashenzari
Cheibriados
Dithmenos
Elyvilon
Fedhas
Gozag
Hepliaklqana
Kikubaaqudgha
Makhleb
Nemelex Xobeh
Okawaru
Qazlal
Ru
Sif Muna
Trog
Uskayaw
Vehumet
Wu Jian
Xom
Yredelemnul
Zin
The Shining One

Shops:
D:8 =

Annotations:
D:8 2 transporters, jr88keys's ghost, novice VSFi
D:10 Urug


Innate Abilities, Weirdness & Mutations

You have a pair of horns on your head.
You reflexively headbutt those who attack you in melee.
You have sharp toenails.
Armour fits poorly on your strangely shaped body.
Potions are less effective at restoring your health.
You sometimes lose the ability to read scrolls when taking damage.


Message History

You hit the molten gargoyle but do no damage.
You claw the molten gargoyle, but do no damage.
You headbutt the molten gargoyle, but do no damage.
The molten gargoyle is almost destroyed.
The molten gargoyle blasts magma at you!
The bolt of magma hits you!
* * * LOW HITPOINT WARNING * * *
You are too berserk!
You bludgeon the molten gargoyle!!
You destroy the molten gargoyle!
Dithmenos accepts your kill.
The molten gargoyle completely misses you.
The lava snake spits lava at you. The glob of lava misses you.
Found a potion of flight.
You see here a +0 dire flail.
You barely miss the molten gargoyle.
You claw the molten gargoyle, but do no damage.
You sock the molten gargoyle! You claw the molten gargoyle!
You headbutt the molten gargoyle!
You destroy the molten gargoyle!
Dithmenos accepts your kill. The lava snake closely misses you.
Your Armour skill increases to level 12!
You bludgeon the lava snake!!
You kill the lava snake!
Dithmenos accepts your kill.
Urug the Orcish Ballista comes into view.
She is wielding a +2 scimitar and wearing a +0 chain mail of willpower.
You feel a strong urge to attack something.
You are no longer berserk.
You are exhausted.
You feel yourself slow down.
You cannot read scrolls in your current state!
Urug throws a javelin.
The javelin misses you.
Urug throws a javelin.
The javelin completely misses you.
You can read scrolls again.
Urug throws a javelin.
The javelin barely misses you. Urug hits you with a +2 scimitar!!
You feel threatened and lose the ability to read scrolls!
You die...

..#.#.#.#.#.
....#.#.#.#.#
..#..!≈.≈...#
#..#.§≈≈≈§≈..
#.#.≈≈§§≈≈≈.#.
#$.#.≈≈88§§..#.
#o#..≈≈88§§.#..
#@.#.≈≈≈§§§≈.#.
........#..≈≈≈≈§§.#..
.#######.#.))≈.≈...##..
##.#)#.#.#.#....
#.#.#)#.#.#.#..#
#.#.##........##
#...............
######<......#
#......###.


You could see Urug.

Vanquished Creatures
  Harold (D:8)
  4 two-headed ogres
  Nergalle (D:10)
  Pikel (D:7)
  A deep elf zephyrmancer (D:7)
  A cyclops (D:8)
  4 molten gargoyles (D:10)
  An unseen horror (D:10)
  3 trolls
  2 hornets (D:9)
  A meliai zombie (D:9)
  A wraith (D:9)
  7 yaks
  A steam dragon (D:9)
  4 vampire mosquitoes
  2 acid dragons
  2 water moccasins
  4 ice beasts
  A necrophage (D:8)
  7 orc warriors
  A black bear (D:4)
  5 ogres
  A wolf (D:9)
  3 centaurs
  A lemure (D:7)
  2 kobold brigands
  3 bullfrogs
  A gnoll sergeant (D:9)
  A scorpion (D:7)
  A water moccasin zombie (D:6)
  4 jellies
  6 killer bees
  An electric eel (D:9)
  5 howler monkeys
  A lava snake (D:10)
  6 centaur zombies
  2 hounds
  6 orc priests
  A bullfrog skeleton (D:6)
  2 gnoll shamans
  2 scorpion zombies (D:5)
  4 iguanas
  7 orc wizards
  2 killer bee zombies
  3 howler monkey zombies
  8 gnolls
  6 adders
  A shadow imp (D:7)
  3 white imps
  3 ufetubi (D:9)
  An adder skeleton (D:4)
  2 worms (D:2)
  3 dart slugs (D:1)
  40 orcs
  7 endoplasms
  6 giant cockroaches
  13 goblins
  8 hobgoblins
  8 jackals
  9 kobolds
  2 quokkas
  7 ball pythons
  7 bats
  4 frilled lizards
  7 rats
265 creatures vanquished.

Vanquished Creatures (collateral kills)
  A two-headed ogre (D:10)
1 creature vanquished.

Vanquished Creatures (others)
  5 plants
5 creatures vanquished.

Grand Total: 271 creatures vanquished

Notes
Turn   | Place    | Note
-------+----------+-------------------------------------------
     0 | D:1      | Iusername the Minotaur Fighter began the quest for the Orb.
     0 | D:1      | Reached XP level 1. HP: 19/19 MP: 0/0
   476 | D:1      | Reached XP level 2. HP: 16/27 MP: 1/1
   854 | D:1      | Found a faded altar of an unknown god.
  1308 | D:1      | Reached XP level 3. HP: 31/33 MP: 2/2
  2425 | D:2      | Reached XP level 4. HP: 41/41 MP: 3/3
  3258 | D:3      | Reached skill level 1 in Dodging
  3337 | D:3      | Gained mutation: You have hidden genetic defects. [potion
                  | of mutation]
  3337 | D:3      | Gained mutation: You have terrible hidden genetic defects.
                  | [potion of mutation]
  3337 | D:3      | Gained mutation: Your muscles are strong. (Str +2) [potion
                  | of mutation]
  3337 | D:3      | Gained mutation: You have sharp toenails. [potion of
                  | mutation]
  3347 | D:3      | Reached XP level 5. HP: 19/47 MP: 4/4
  3357 | D:3      | Gained mutation: Potions are less effective at restoring
                  | your health. [hidden defects]
  3834 | D:4      | Noticed an ogre
  3842 | D:4      | Killed an ogre
  3855 | D:4      | Lost mutation: Your muscles are strong. (Str +2) [hidden
                  | defects]
  3855 | D:4      | Lost mutation: You have terrible hidden genetic defects.
                  | [hidden defects expressed]
  4008 | D:4      | Reached skill level 1 in Stealth
  4008 | D:4      | Reached XP level 6. HP: 42/53 MP: 5/5
  4010 | D:4      | Identified a scroll of acquirement
  4010 | D:4      | Acquired 916 gold pieces
  4027 | D:4      | Reached skill level 5 in Polearms
  4027 | D:4      | Reached skill level 5 in Armour
  4041 | D:4      | Gained mutation: You sometimes lose the ability to read
                  | scrolls when taking damage. [hidden defects]
  4332 | D:4      | Gained mutation: Armour fits poorly on your strangely
                  | shaped body. [hidden defects]
  4332 | D:4      | Lost mutation: You have hidden genetic defects. [hidden
                  | defects expressed]
  4333 | D:4      | Reached skill level 5 in Fighting
  4333 | D:4      | Reached XP level 7. HP: 48/61 MP: 6/6
  5121 | D:5      | Entered Level 5 of the Dungeon
  5135 | D:5      | Reached skill level 5 in Shields
  5644 | D:5      | Identified the +1 ring mail of the Morning Star {rPois
                  | Stlth+}
  5762 | D:5      | Found a staircase to the Ecumenical Temple.
  5773 | Temple   | Entered the Ecumenical Temple
  5864 | Temple   | Became a worshipper of Dithmenos the Shadowed
  6388 | D:6      | Reached XP level 8. HP: 64/68 MP: 7/7
  7074 | D:6      | Reached * piety under Dithmenos
  7764 | D:7      | Reached skill level 1 in Maces & Flails
  7791 | D:7      | Reached XP level 9. HP: 75/75 MP: 8/8
  8168 | D:7      | Noticed Pikel
  8179 | D:7      | Killed Pikel
  8481 | D:7      | Noticed a deep elf zephyrmancer
  8489 | D:7      | Killed a deep elf zephyrmancer
  8490 | D:7      | Reached skill level 5 in Maces & Flails
  8677 | D:8      | Noticed Harold
  8693 | D:8      | Killed Harold
  8696 | D:8      | Found Laempyd's Jewellery Shop.
  9186 | D:8      | Bought the amulet "Nueph" {Acrobat Str+5} for 570 gold
                  | pieces
  9269 | D:8      | Reached XP level 10. HP: 42/84 MP: 9/9
  9284 | D:8      | Reached ** piety under Dithmenos
  9288 | D:8      | Noticed a two-headed ogre
  9295 | D:8      | Killed a two-headed ogre
  9296 | D:8      | Reached skill level 10 in Armour
  9485 | D:8      | Noticed a cyclops
  9495 | D:8      | Killed a cyclops
  9911 | D:8      | Found a transporter.
  9928 | D:8      | Found a transporter.
 10077 | D:8      | Noticed jr88keys's ghost (novice VSFi)
 10374 | D:9      | Noticed a two-headed ogre
 10383 | D:9      | Killed a two-headed ogre
 10425 | D:9      | Reached skill level 1 in Evocations
 10967 | D:9      | Reached skill level 10 in Maces & Flails
 11033 | D:9      | Noticed a two-headed ogre
 11040 | D:9      | Killed a two-headed ogre
 11041 | D:9      | Reached XP level 11. HP: 76/92 MP: 10/10
 11774 | D:9      | Noticed a two-headed ogre
 11782 | D:9      | Killed a two-headed ogre
 12123 | D:9      | Found a staircase to the Orcish Mines.
 12237 | D:9      | Reached *** piety under Dithmenos
 12643 | D:9      | Found a burning altar of Makhleb.
 12643 | D:9      | Noticed a green death
 12738 | D:10     | Entered Level 10 of the Dungeon
 12738 | D:10     | Found a sparkling altar of Nemelex Xobeh.
 12749 | D:10     | Noticed Nergalle
 12765 | D:10     | Killed Nergalle
 12804 | D:10     | Noticed a two-headed ogre
 12812 | D:10     | Killed a two-headed ogre
 13290 | D:10     | Found a sacrificial altar of Ru.
 13333 | D:10     | Reached skill level 10 in Shields
 13342 | D:10     | Noticed Urug
 13349 | D:10     | Mangled by Urug

Illustrated notes

Levels and vault maps discovered:
D:1:      tarquinn_simple_flora_water_f, layout_loops_ring,
          ebering_ecumenical_altar_sacrificial, st_stairs_13
D:2:      layout_loops_ring, minmay_octomino_c4
D:3:      corexii_shack_village, layout_rooms, interstate_on_off
D:4:      layout_basic, kennysheep_cluttered_room
D:5:      layout_basic, minmay_temple_entry_purple_smoke
D:6:      layout_rooms, minmay_misc_feat_iff, chequers_serial_rivers_micro_e,
          corexii_item_surrounded_by_moat, minmay_strange_pillars
D:7:      layout_rooms, minivault_26, wad_floor_pattern_1, st_stairs_6,
          guppyfry_early_elven_hall, uniq_pikel
D:8:      layout_rooms, gammafunk_ghost_stat_death, serial_shops,
          nicolae_shop_hallway_stairs, uniq_harold
D:9:      nzn_winding_woodlands_cross [nzn_winding_woodlands_5x15_jagged,
          nzn_winding_woodlands_5x15_pockets,
          nzn_winding_woodlands_5x15_pathside_ponds,
          nzn_winding_woodlands_5x15_sidewinder,
          nzn_winding_woodlands_15x15_killbox], layout_loops_corners,
          makhleb_altar_promises_db, orc_0_dummy, serial_ice, serial_ice_i,
          serial_ice_o, serial_ice_d, serial_ice_b, kennysheep_generic_room_13
D:10:     layout_rooms, mainiacjoe_overflow_six_doors_small,
          lemuel_crystal_altar, minivault_8, uniq_nergalle, uniq_urug
Temple:   mainiacjoe_temple_bowtie_tessellation

Skill      XL: |  1  2  3  4  5  6  7  8  9 10 11 |
---------------+----------------------------------+-----
Fighting       | 4 5 6 7 8 |  8.7
Shields        | 4 5 6 8 9 10 | 10.0
Armour         | 4 6 8 9 10 12 | 12.0
Polearms       | 3 4 5 7 8 |  8.7
Dodging        | 1 2 3 |  3.5
Stealth        | 1 |  1.3
Maces & Flails | 1 7 10 12 | 12.8
Evocations     | 1 |  1.3

Action                   |  1- 3 |  4- 6 |  7- 9 | 10-12 || total
-------------------------+-------+-------+-------+-------++-------
Melee: Trident           |    77 |   114 |   110 |       ||   301
       Headbutt          |    17 |    17 |    50 |    57 ||   141
       Kick              |       |    18 |    69 |    90 ||   177
       Flail             |       |       |    91 |   259 ||   350
Evoke: Wand              |       |       |       |     7 ||     7
  Use: Scroll            |       |     6 |    11 |     6 ||    23
       Potion            |       |     2 |     4 |     4 ||    10
Armor: Scale mail        |    35 |    69 |       |       ||   104
       Plate armour      |       |     5 |   109 |   101 ||   215
Dodge: Dodged            |    54 |    75 |   127 |   248 ||   504
Block: Buckler           |    20 |    35 |    77 |   100 ||   232
